 Dungeon Crawl Stone Soup version 0.22.1-1-ga44c0e5 (webtiles) character file.

38 lysyklops the Skirmisher (level 3, -2/24 HPs)
             Began as a Gargoyle Fighter on Oct 5, 2018.
             Slain by a gnoll
             ... wielding a +0 flail
              (7 damage)
             ... on level 2 of the Dungeon.
             The game lasted 00:01:49 (803 turns).

lysyklops the Skirmisher (Gargoyle Fighter)          Turns: 803, Time: 00:01:50

Health: -2/24      AC: 10    Str: 20    XL:     3   Next: 43%
Magic:  3/3        EV:  7    Int:  8    God:
Gold:   88         SH:  9    Dex:  9    Spells: 2/2 levels left

rFire    . . .     SeeInvis .   a - +0 flail
rCold    . . .     Gourm    .   c - +0 shield
rNeg     + . .     Faith    .   b - +0 scale mail
rPois    ∞         Spirit   .   (no helmet)
rElec    +         Reflect  .   k - scarf {repulsion}
rCorr    .         Harm     .   (no gloves)
MR       .....                  (no boots)
Stlth    ..........             (no amulet)
HPRegen  0.08/turn              (no ring)
MPRegen  0.08/turn              (no ring)

@: repel missiles
A: negative energy resistance 1, electricity resistance, unbreathing,
petrification resistance, rot immunity, AC +3
a: no special abilities


You were on level 2 of the Dungeon.
You were not hungry.

You visited 1 branch of the dungeon, and saw 2 of its levels.

You collected 88 gold pieces.

Inventory:

Hand Weapons
 a - a +0 flail (weapon)
Armour
 b - a +0 scale mail (worn)
 c - a +0 shield (worn)
 k - a scarf of repulsion (worn)
Jewellery
 l - an uncursed ring of see invisible {unknown}
Scrolls
 e - 2 scrolls of teleportation {unknown}
 g - 2 scrolls of remove curse {unknown}
 i - a scroll of magic mapping {unknown}
 n - a scroll of random uselessness {unknown}
 p - a scroll of blinking {unknown}
 r - a scroll of amnesia {unknown}
 s - 2 scrolls of identify {unknown}
Potions
 d - a potion of might
 h - a potion of agility {unknown}
 j - a potion of curing {unknown}
 m - a potion of resistance {unknown}
 o - a potion of ambrosia {unknown}
 q - a potion of magic {unknown}
Comestibles
 f - a ration


   Skills:
 + Level 3.7 Fighting
 + Level 2.4 Maces & Flails
 + Level 3.7 Armour
 + Level 3.7 Shields


You had 2 spell levels left.
You didn't know any spells.
Your spell library was empty.

Dungeon Overview and Level Annotations

Branches:
Dungeon (2/15)

Altars:


Innate Abilities, Weirdness & Mutations

You are resistant to torment.
Your stone body is resilient. (AC +3)
You are immune to poison.
You resist negative energy. (rN+)
You are resistant to electric shocks. (rElec)
You can survive without breathing.
You are immune to petrification.
You are immune to rotting.


Message History

You block the gnoll's attack. x2
You closely miss the gnoll.
The gnoll is almost dead.
The gnoll shouts!
The leopard gecko barely misses you. The gnoll hits you but does no damage.
The leopard gecko bites you. The gnoll hits you with a halberd.
You hit the gnoll.
You kill the gnoll!
The leopard gecko barely misses you. The leopard gecko closely misses you.
You block the gnoll's attack.
You sock the gnoll!
The gnoll is almost dead.
The gnoll hits you with a flail!
* * * LOW HITPOINT WARNING * * *
You closely miss the gnoll.
The gnoll is almost dead.
You block the gnoll's attack.
The leopard gecko bites you but does no damage.
The gnoll hits you with a flail!
You die...

......#.##...#........
#..#.........#..#w....
#..####.##...#..#..# #
..........<........# .#
#............#..##.# ..#
#.#####.##...#.†##.###..
#.# ....#.#...........
...
.....#.###.l##w#.##.#.
#.#
....<.......@gg.......
.. .#.##.#.##g#.##.# ..
......(....#
.....K........
#.##.##.##g...... #. #.
#.# ....... # #. #g.
.#####. # ##


You could see a worm, 3 gnolls, a leopard gecko and a kobold.

Vanquished Creatures
  A gnoll (D:2)
  A worm (D:2)
  A dart slug (D:1)
  A giant cockroach (D:2)
  A goblin (D:1)
  3 hobgoblins
  2 quokkas (D:2)
  A ball python (D:2)
  5 bats
  A frilled lizard (D:1)
  3 kobolds (D:1)
  4 rats
24 creatures vanquished.

Notes
Turn   | Place    | Note
-------+----------+-------------------------------------------
     0 | D:1      | lysyklops the Gargoyle Fighter began the quest for the Orb.
     0 | D:1      | Reached XP level 1. HP: 14/14 MP: 1/1
   125 | D:1      | Reached XP level 2. HP: 19/19 MP: 2/2
   705 | D:2      | Reached XP level 3. HP: 22/23 MP: 3/3
   803 | D:2      | Slain by a gnoll

Action                   || total
-------------------------++-------
Melee: Flail             ||    87
Armor: Scale mail        ||    58
Dodge: Dodged            ||    30
       Deflected         ||     1
Block: Shield            ||    54
